Unix NetHack Version 5.0.0-0 post-release - last build Jul 19 2026 19:10:59 (3aa4ab31751d3886436d94b585a96704892fd477,branch:main).

Game began 2026-07-28 02:59:47, ended 2026-07-28 03:14:51.

Jinnora, neutral female human Healer

   ---------                                                     --------
   |........|                                                    |......|
   |........-#                              -----------       ###-......|
   |........|#                   -----      |.........|      # # |......|
   |........|#########           |...|  ####..........-######### |......|
   |`.......|###   --.------     |.>.| ##   |.........|   ##     -----.--
   -----.----# #   ........| ####...(|##    |.....<...|               #
     ######### ####|.......| #   |...|#     -----------               #
      ###       ###|.......|##   |...-#                               #
      #           #-........#    -----                                ###
      #            |.......|                                            #
     ##            ---------                                            #i
    ##                                                            -------@--
  --.---------                                                    |......d.|
  |..........|                                                    |?+%!!%.@|
  |....[......##################`                                 |%?%%*%?!|
  |.....{....|                                                    |??*!?=.?|
  ------------                                                    |(?*!?)=.|
                                                                  ----------

Jinnora the Rhizotomist      St:12 Dx:10 Co:15 In:7 Wi:17 Ch:17  Neutral
Dlvl:6  $:1810 HP:0(19) Pw:19(19) AC:8  Xp:2/20 T:2063  Hungry  

Latest messages:
 You see here a food ration (for sale, 68 zorkmids).
 You see here a food ration (for sale, 68 zorkmids).
 You see here a scroll called id (for sale, 15 zorkmids).
 Your dog eats a tripe ration.
 You see here a scroll labeled ASHPD SODALG (for sale, 150 zorkmids).
 You see here a magic marker (for sale, 38 zorkmids).
 You see here a scroll labeled ASHPD SODALG (for sale, 150 zorkmids).
 Your dog eats a tripe ration.
 You see here a food ration (for sale, 68 zorkmids).
 You see here a scroll labeled DUAM XNAHT (for sale, 100 zorkmids).
 You see here a gray spellbook (for sale, 75 zorkmids).
 You see here a food ration (for sale, 68 zorkmids).
 You see here a food ration (for sale, 68 zorkmids).
 You see here a scroll labeled VE FORBRYDERNE (for sale, 75 zorkmids).
 You see here 11 runed arrows (for sale, 22 zorkmids).
 You see here a scroll labeled VE FORBRYDERNE (for sale, 75 zorkmids).
 You see here a food ration (for sale, 68 zorkmids).
 You see here a food ration (for sale, 68 zorkmids).
 The dog picks up a cram ration.
 What do you want to drop? [$a-gk-oq-zAC-EGJ or ?*] x
 You drop an empty bag.
 Kipawa offers 50 gold pieces for your bag.  Sell it? [ynaq] (n) n
 x - an empty bag {sell 50}.
 You stop.  Your dog is in the way!
 The dog drops a cram ration.
 The dog picks up an orange.
 You miss the homunculus.
 The homunculus bites!
 "Hello, Jinnora!  Welcome again to Kipawa's general store!"
 You do not owe Kipawa anything.
 The homunculus just misses!
 You stop.  Your dog is in the way!
 The homunculus bites!
 You hit the homunculus.
 The homunculus bites!
 You hit the homunculus.
 The homunculus bites!
 You are put to sleep by the homunculus!
 The dog drops an orange.
 The homunculus bites!
 The homunculus bites!
 The dog picks up an orange.
 The homunculus bites!
 The homunculus bites!
 The homunculus bites!
 The homunculus bites!
 The homunculus bites!
 You die...
 Kipawa gratefully inherits all your possessions.
 Do you want to see what you had when you died? [ynq] (y) q

Inventory:
 Coins    ('$')
  $ - 1810 gold pieces
 Weapons  (')')
  G - an uncursed +0 dagger
  A - a cursed -1 elven dagger
  a - an uncursed +0 scalpel (weapon in right hand)
 Armor    ('[')
  b - an uncursed +1 pair of leather gloves (being worn)
  v - an uncursed +0 pair of low boots
 Comestibles  ('%')
  k - 5 uncursed apples
  l - 3 uncursed food rations
  r - an uncursed orange
  q - an uncursed lichen corpse
 Scrolls  ('?')
  s - an uncursed scroll of confuse monster
  t - an uncursed scroll of enchant weapon
  n - an uncursed scroll of identify
  C - an uncursed scroll of teleportation
 Potions  ('!')
  m - an uncursed potion of booze
  f - 5 uncursed potions of extra healing
  d - 2 blessed potions of healing
  e - 6 uncursed potions of healing
  u - a cursed potion of healing
  E - an uncursed potion of levitation
  w - a blessed potion of object detection
  z - an uncursed potion of polymorph
 Wands    ('/')
  J - an uncursed wand of enlightenment (0:11)
  g - an uncursed wand of sleep (0:6)
 Tools    ('(')
  x - an empty uncursed bag of holding
  y - an uncursed blindfold
  D - an uncursed lock pick
  c - an uncursed stethoscope
 Gems/Stones  ('*')
  o - an uncursed luckstone

Jinnora the Healer's attributes:

Background:
 You were a Rhizotomist, a level 2 female human Healer.
 You were neutral, on a mission for Hermes
 who was opposed by Athena (lawful) and Poseidon (chaotic).
 You were right-handed.
 You were in the Dungeons of Doom, on level 6.
 You entered the dungeon 2063 turns ago.
 It was nighttime.
 You had 20 experience points, 20 more were needed to attain level 3.

Basics:
 You had 0 out of 19 hit points.
 You had all 19 energy points (spell power).
 Your armor class was 8.
 Your wallet contained 1810 zorkmids.
 Autopickup was off.

Final Characteristics:
 Your strength was 12 (limit:18/100).
 Your dexterity was 10 (limit:18).
 Your constitution was 15 (limit:18).
 Your intelligence was 7 (limit:18).
 Your wisdom was 17 (limit:18).
 Your charisma was 17 (limit:18).

Final Status:
 You were hungry.
 You were unencumbered.
 You were wielding a knife.
 You had basic skill with knife.

Final Attributes:
 You were devoutly aligned.
 You were poison resistant.
 You were lucky.
 You had extra luck.
 Bad luck did not time out for you.
 Good luck did not time out for you.
 You are dead.

Miscellaneous:
 You didn't encounter any bones levels.
 Total elapsed playing time was 15 minutes and 3 seconds.

Major events:
 Turn
    1: Jinnora the neutral female human Healer entered the dungeon
  364: entered the Gnomish Mines
 2063: killed by a homunculus, while sleeping

Spells:
 Name                 Level Category     Fail Retention
 healing                1   healing        0%   81%-90%
 extra healing          3   healing       47%   81%-90%
 stone to flesh         3   healing       58%   81%-90%

Skills:
 Fighting Skills
   bare handed combat [Unskilled]
 Weapon Skills
   dagger             [Unskilled]
   knife              [Basic]
   short sword        [Unskilled]
   saber              [Unskilled]
   club               [Unskilled]
   mace               [Unskilled]
   quarterstaff       [Unskilled]
   polearms           [Unskilled]
   spear              [Unskilled]
   trident            [Unskilled]
   sling              [Unskilled]
   dart               [Unskilled]
   shuriken           [Unskilled]
   unicorn horn       [Unskilled]
 Spellcasting Skills
   healing spells     [Basic]

Voluntary challenges:
 Character rerolling was not enabled.
 You never genocided any monsters.
 You never polymorphed an object.
 You never changed form.
 You used no wishes.
Achievements:
 You entered the Gnomish Mines.
 You entered a shop.

 The Dungeons of Doom: levels 1 to 7
    Level 1:
       A fountain, a sink.
    Level 2:
       A scroll shop.
    Level 3:
       Some fountains.
       Stairs down to The Gnomish Mines.
    Level 4:
       Some fountains.
    Level 5:
       A fountain.
    Level 6: <- You were here.
       A general store, a fountain.
       Final resting place for
          you, killed by a homunculus, while sleeping.
    Level 7:
 The Gnomish Mines:
    Level 4:


Vanquished creatures:
  a shrieker
  a coyote
  a gas spore
  a hobbit
  a giant rat
  a cave spider
  2 yellow molds
  2 gnome zombies
  a jackal
  a fox
  a kobold
  3 goblins
  5 sewer rats
  3 grid bugs
  2 lichens
  4 newts
30 creatures vanquished.

No species were genocided or became extinct.

Game over:
                       ----------
                      /          \
                     /    REST    \
                    /      IN      \
                   /     PEACE      \
                  /                  \
                  |     Jinnora      |
                  |     1810 Au      |
                  |   killed by a    |
                  |    homunculus    |
                  |                  |
                  |                  |
                  |       2026       |
                 *|     *  *  *      | *
        _________)/\\_//(\/(/\)/\//\/|_)_______

Goodbye Jinnora the Healer...

You died in The Dungeons of Doom on dungeon level 6 with 481 points,
and 1810 pieces of gold, after 2063 moves.
You were level 2 with a maximum of 19 hit points when you died.

